 Dungeon Crawl Stone Soup version 0.25-a0-860-gf695395b5c (webtiles) character file.

Game seed: 8982566445755916158, levelgen mode: deterministic

10551 Nixze the Archer (level 11, -5/97 HPs)
             Began as a Centaur Hunter on Apr 29, 2020.
             Was a High Priest of Okawaru.
             Hit by a large rock thrown by a cyclops (17 damage)
             ... on level 14 of the Dungeon.
             The game lasted 00:43:05 (17796 turns).

Nixze the Archer (Centaur Hunter)                  Turns: 17796, Time: 00:43:06

Health: -5/97      AC: 12    Str: 17    XL:     11   Next: 37%
Magic:  24/26      EV:  5    Int: 10    God:    Okawaru [*****.]
Gold:   500        SH:  0    Dex: 11    Spells: 10/10 levels left

rFire    . . .     SeeInvis .   a - +1 shortbow
rCold    . . .     Gourm    .   (shield currently unavailable)
rNeg     . . .     Faith    .   x - +0 chain mail
rPois    .         Spirit   .   (no helmet)
rElec    .         Reflect  .   z - +1 cloak
rCorr    .         Harm     .   t - +0 pair of gloves
MR       .....                  (no barding)
Stlth    ..........             (no amulet)
HPRegen  0.26/turn              w - ring of magical power
MPRegen  0.20/turn              (no ring)

@: very quick
A: large, hooves 3, deformed body, speed 2, tough skin 3
a: Heroism, Finesse, Renounce Religion


You were on level 14 of the Dungeon.
You worshipped Okawaru.
Okawaru was extremely pleased with you.
You were near starving.

You visited 3 branches of the dungeon, and saw 14 of its levels.
You also visited: Sewer.

You collected 582 gold pieces.
You spent 82 gold pieces at shops.

Inventory:

Hand Weapons
 a - a +1 shortbow (weapon)
 b - a +2 trident of venom
 g - a +1 short sword of protection
 p - a +2 dagger of venom
Missiles
 d - 107 arrows (quivered)
 e - 41 poisoned darts
 j - 272 stones
 m - 94 sling bullets
Armour
 t - a +0 pair of gloves (worn)
 x - a +0 chain mail (worn)
 z - a +1 cloak (worn)
 D - a +0 plate armour
Magical Staves
 E - an uncursed staff of wizardry
Jewellery
 w - a ring of magical power (left hand)
 I - an uncursed ring of protection from cold {unknown}
Wands
 v - a wand of polymorph (14)
 G - a wand of flame (19)
Scrolls
 c - a scroll of teleportation
 n - 3 scrolls of identify
 o - 3 scrolls of fear
 r - 2 scrolls of amnesia
 u - a scroll of enchant weapon
 y - 2 scrolls of blinking
 C - a scroll of holy word {unknown}
 J - 5 scrolls of remove curse
 L - a scroll of vulnerability {unknown}
 M - a scroll of brand weapon {unknown}
Potions
 h - 5 potions of lignification
 i - 3 potions of brilliance
 k - 2 potions of cancellation
 l - a potion of magic
 q - 2 potions of mutation
 s - 5 potions of curing
 A - 2 potions of haste
 B - a potion of might
 F - 5 potions of degeneration
 H - a potion of flight
 K - a potion of heal wounds
Comestibles
 f - 24 rations


   Skills:
 + Level 9.3 Fighting
 - Level 14.0 Bows
 + Level 6.3 Armour
 - Level 1.3 Dodging
 - Level 0.4 Stealth
 - Level 8.8 Invocations


You had 10 spell levels left.
You didn't know any spells.
Your spell library contained the following spells:

 Spells                   Type           Power        Failure   Level  Hunger
 Sting                    Tmut/Pois      #...         99%         1    ##.....
 Summon Small Mammal      Summ           #...         99%         1    ##.....
 Call Imp                 Summ           #.......     100%        2    ###....
 Ensorcelled Hibernation  Hex/Ice        #.....       100%        2    ###....
 Call Canine Familiar     Summ           #.......     100%        3    ####...
 Summon Guardian Golem    Hex/Summ       #.......     100%        3    ####...
 Summon Ice Beast         Ice/Summ       #.......     100%        4    #####..
 Summon Lightning Spire   Summ/Air       #.......     100%        4    #####..
 Yara's Violent Unravell  Hex/Tmut       #.........   100%        5    ######.
 Freezing Cloud           Conj/Ice/Air   #.........   100%        6    #######
 Hydra Form               Tmut           #.........   100%        6    #######


Dungeon Overview and Level Annotations

Branches:
Dungeon (11/15)            Temple (1/1) D:4            Lair (1/6) D:10
  Sewer (visited)
    Orc: D:9-12

Altars:
Ashenzari
Cheibriados
Dithmenos
Elyvilon
Fedhas
Gozag
Hepliaklqana
Kikubaaqudgha
Makhleb
Nemelex Xobeh
Okawaru
Qazlal
Ru
Sif Muna
Trog
Uskayaw
Vehumet
Wu Jian
Xom
Yredelemnul
Zin
The Shining One

Shops:
D:4 *

Annotations:
D:5 1 runed translucent door, glosham's ghost, amateur FeBe
D:7 exclusion: door


Innate Abilities, Weirdness & Mutations

You have hooves in place of feet.
Armour fits poorly on your strangely shaped body.
You cover ground very quickly.
You have extremely tough skin. (AC +3)


Message History

The arrow barely misses the tengu warrior.
The arrow hits the centaur warrior skeleton!
The centaur warrior skeleton is lightly damaged.
You open the door.
There is an open door here.
You open the door.
There is an open door here.
You close the door.
Something unseen opens the door.
Your hands slow down.
The cyclops throws a large rock.
The large rock hits you.
The tengu warrior shoots a bolt.
The bolt hits you!
Things that are here:
a bolt; a large rock You open the door.
You feel like a meek peon again.
The tengu warrior shoots a bolt.
The bolt hits you!!
* * * LOW HITPOINT WARNING * * *
The cyclops throws a large rock.
The large rock hits you!
You die...

#........# #........#
#........# #........#
#########........#
###..##...#.......##
#.........#.......#
#.........#.......#
#@###..##.......#
#####(.##..#####....#
#..............#....#
#..............Q.>..#
#..........C...#....#
##.##..##+###Z##(...#
#.##..##..##'#.....#
#....ZQ......#.ZQ..#
#............#..(..#


You could see a tengu warrior, a cyclops and a centaur warrior skeleton.

Vanquished Creatures
  Harold (D:7)
  A two-headed ogre (D:8)
  3 death yaks (D:10)
  Joseph (D:7)
  A rime drake (shapeshifter) (D:10)
  3 trolls
  A meliai zombie (D:10)
  3 yaks (D:10)
  A human (D:9)
  2 wyverns
  Eustachio (D:4)
  Edmund (D:5)
  2 porcupines (D:10)
  3 ice beasts
  An orc warrior (D:8)
  2 phantoms
  2 sky beasts (D:8)
  A hornet zombie (D:7)
  An eye of draining (D:9)
  A necrophage (D:14)
  5 ogres
  2 centaurs
  A big kobold (D:8)
  7 bullfrogs
  Blork the orc (D:4)
  A scorpion (D:5)
  A wyvern skeleton (D:7)
  7 killer bees
  4 howler monkeys
  3 wights (D:10)
  2 centaur zombies
  3 crimson imps
  3 bullfrog zombies
  2 bullfrog skeletons
  6 jellies
  5 orc priests
  A centaur skeleton (D:7)
  5 hounds
  7 orc wizards
  An iguana (D:8)
  2 gnoll shamans
  6 worker ants
  A hell rat (D:10)
  3 hound skeletons
  A mummy (D:7)
  A worker ant zombie (D:6)
  19 adders
  12 gnolls
  4 river rats (Sewer)
  2 shadow imps
  2 adder skeletons (D:5)
  3 worms (D:3)
  5 leopard geckos
  22 orcs
  3 giant cockroaches
  7 goblins
  6 hobgoblins
  6 jackals
  13 kobolds
  8 quokkas
  4 ball pythons
  7 bats
  19 frilled lizards
  A hobgoblin zombie (D:7)
  2 kobold zombies (D:7)
  A leopard gecko skeleton (D:5)
  An orc zombie (D:7)
  A quokka zombie (D:4)
  9 rats
270 creatures vanquished.

Notes
Turn   | Place    | Note
-------+----------+-------------------------------------------
     0 | D:1      | Nixze the Centaur Hunter began the quest for the Orb.
     0 | D:1      | Reached XP level 1. HP: 17/17 MP: 1/1
   536 | D:1      | Reached XP level 2. HP: 23/24 MP: 2/2
   904 | D:1      | Reached skill level 6 in Bows
  1201 | D:2      | Reached XP level 3. HP: 23/30 MP: 3/3
  1822 | D:2      | Found a white marble altar of Elyvilon.
  1977 | D:2      | Found a stormy altar of Qazlal.
  2115 | D:2      | Found an opulent altar of Gozag.
  2144 | D:2      | Reached skill level 7 in Bows
  2144 | D:2      | Reached XP level 4. HP: 35/38 MP: 4/4
  2438 | D:3      | Reached XP level 5. HP: 45/45 MP: 5/5
  2574 | D:3      | Found a faded altar of an unknown god.
  2896 | D:3      | Found a glowing drain.
  2934 | Sewer    | Entered a sewer
  3202 | Sewer    | Reached skill level 8 in Bows
  4086 | D:4      | Noticed a phantom
  4121 | D:3      | Killed a phantom
  4121 | D:3      | Reached XP level 6. HP: 20/52 MP: 6/6
  4625 | D:4      | Found Teoran's General Store.
  4627 | D:4      | Bought a scroll of enchant weapon for 82 gold pieces
  4878 | D:4      | Reached skill level 1 in Armour
  4883 | D:4      | Reached skill level 9 in Bows
  5231 | D:4      | Found a staircase to the Ecumenical Temple.
  5242 | Temple   | Entered the Ecumenical Temple
  5335 | Temple   | Became a worshipper of Warmaster Okawaru
  5408 | D:4      | Found a shattered altar of Ashenzari.
  5683 | D:4      | Noticed Blork the orc
  5721 | D:4      | Killed Blork the orc
  5721 | D:4      | Reached XP level 7. HP: 36/60 MP: 7/7
  6003 | D:5      | Entered Level 5 of the Dungeon
  6003 | D:5      | Noticed Eustachio
  6027 | D:4      | Killed Eustachio
  6027 | D:4      | Reached skill level 1 in Invocations
  6396 | D:5      | Reached skill level 10 in Bows
  6642 | D:5      | Reached * piety under Okawaru
  6804 | D:5      | Reached skill level 5 in Fighting
  7145 | D:5      | Reached XP level 8. HP: 63/68 MP: 9/9
  7507 | D:5      | Found a runed translucent door.
  7507 | D:5      | Noticed Edmund
  7565 | D:5      | Killed Edmund
  7757 | D:5      | Noticed glosham's ghost (amateur FeBe)
  8223 | D:6      | Found a basalt altar of Yredelemnul.
  8436 | D:6      | Reached skill level 11 in Bows
  8843 | D:6      | Found an iron altar of Okawaru.
  9081 | D:7      | Found a radiant altar of Vehumet.
  9083 | D:7      | Found an ancient bone altar of Kikubaaqudgha.
  9119 | D:7      | Reached ** piety under Okawaru
  9645 | D:7      | Reached XP level 9. HP: 67/75 MP: 12/12
  9717 | D:7      | Noticed Harold
  9793 | D:7      | Killed Harold
  9793 | D:7      | Reached skill level 12 in Bows
 10150 | D:7      | Reached skill level 5 in Invocations
 10172 | D:7      | Reached *** piety under Okawaru
 10920 | D:7      | Noticed Joseph
 10933 | D:7      | Killed Joseph
 11357 | D:8      | Found a hide-covered altar of Uskayaw.
 11376 | D:8      | Reached skill level 13 in Bows
 11688 | D:8      | Identified the Disquisition on the Snowflakes and Changing
 11795 | D:8      | Reached XP level 10. HP: 68/86 MP: 14/14
 12060 | D:8      | Noticed a two-headed ogre
 12090 | D:8      | Killed a two-headed ogre
 12090 | D:8      | Reached **** piety under Okawaru
 13594 | D:9      | Reached skill level 14 in Bows
 13914 | D:9      | Reached skill level 5 in Armour
 14254 | D:9      | Received a gift from Okawaru
 14889 | D:10     | Entered Level 10 of the Dungeon
 15782 | D:10     | Reached ***** piety under Okawaru
 15782 | D:10     | Reached XP level 11. HP: 66/95 MP: 16/16
 16019 | D:10     | Found a staircase to the Lair.
 16019 | D:10     | Noticed a death yak
 16020 | D:10     | Noticed a death yak
 16122 | D:10     | Killed a death yak
 16122 | D:10     | Received a gift from Okawaru
 16176 | D:10     | Noticed a death yak
 16232 | D:10     | Killed a death yak
 16332 | D:10     | Killed a death yak
 16332 | D:10     | Received a gift from Okawaru
 17138 | D:10     | Found a blossoming altar of Fedhas.
 17232 | D:10     | Found a glowing golden altar of the Shining One.
 17274 | Lair:1   | Entered Level 1 of the Lair of Beasts
 17373 | D:11     | You fall into a shaft and drop 3 floors!
 17737 | D:14     | Noticed a tengu warrior
 17796 | D:14     | Hit by a large rock thrown by a cyclops

Levels and vault maps discovered:
D:1:      evilmike_arrival_rings, layout_basic, serial_glass, glass_columns_a,
          glass_columns_c
D:2:      layout_loops_ring, lemuel_doored_altar,
          nicolae_qazlal_general_emergency, nicolae_gozag_seed_capital
D:3:      layout_loops_ring, cheibrodos_sewer_entry_bend, first_ration,
          chequers_ecumenical_altar_grove
D:4:      layout_loops_ring, minmay_temple_entry_proselytizer, serial_shops,
          nicolae_shop_trees, nicolae_ashenzari_panopticon, uniq_blork_the_orc
D:5:      layout_gridville, ebering_ghost_sewer_d, uniq_edmund, uniq_eustachio
D:6:      layout_basic, kennysheep_little_box, okawaru_altar_gauntlet_db
D:7:      wander_river, layout_basic,
          chequers_temple_overflow_statue_of_worship, nrook_pool_corridor,
          minmay_mini_ossuary, uniq_joseph, uniq_harold
D:8:      layout_basic, eat_drink_and_be_merry_uskayaw
D:9:      layout_gridville, grunt_pizzeria, nooodl_food_tri
D:10:     layout_cave_pools, dpeg_lair_monsters, basic_altar, tso_altar
D:11:     layout_basic, orc_0_dummy, serial_glass, glass_columns_a,
          glass_columns_b, minmay_liquid_box, kennysheep_nub,
          elves_outpost_lemuel, uniq_fannar
D:14:     layout_gridville, hangedman_decor_growths
Temple:   lightli_temple_of_artemis
Lair:1:   layout_cave_pods, chequers_serial_rivers_small_a

Skill      XL: |  1  2  3  4  5  6  7  8  9 10 11 |
---------------+----------------------------------+-----
Bows           | 6 7 8 9 10 11 13 14 | 14.0
Fighting       | 3 4 5 6 7 8 9 |  9.3
Armour         | 1 2 3 4 5 6 |  6.3
Invocations    | 2 4 5 7 8 |  8.8
Dodging        | |  1.3
Stealth        | |  0.4

Action                   |  1- 3 |  4- 6 |  7- 9 | 10-12 || total
-------------------------+-------+-------+-------+-------++-------
Melee: Dagger            |    92 |   181 |   354 |       ||   627
       Short sword       |     5 |       |       |       ||     5
       Kick              |    10 |    37 |   106 |    56 ||   209
       Trident           |       |       |    12 |   252 ||   264
       Shortbow          |       |       |       |     2 ||     2
 Fire: Shortbow          |    19 |    39 |   162 |   262 ||   482
Throw: Stone             |    17 |       |       |       ||    17
Invok: Heroism           |       |       |     3 |     2 ||     5
       Finesse           |       |       |       |     1 ||     1
  Use: Scroll            |       |     5 |    10 |     5 ||    20
       Potion            |       |       |     2 |       ||     2
  Eat: Chunk             |     2 |    10 |    14 |    11 ||    37
       Ration            |       |       |     1 |     1 ||     2
Armor: Leather armour    |    35 |       |       |       ||    35
       Ring mail         |       |    55 |       |       ||    55
       Chain mail        |       |     3 |   284 |   213 ||   500
Dodge: Dodged            |    49 |    55 |   135 |    95 ||   334

Table legend:
 A = Non-vault XP
 B = Vault XP
 C = Vault XP percentage of total XP
 D = Non-vault monster count
 E = Vault monster count
 F = Vault count percentage of total count
                 A         B        C        D         E       F
            +---------+---------+-------+---------+---------+-------
      Total |    9240 |    5834 |  38.7 |     220 |      50 |  18.5
            +---------+---------+-------+---------+---------+-------
        D:1 |      25 |       0 |   0.0 |      17 |       0 |   0.0
        D:2 |     104 |       0 |   0.0 |      18 |       0 |   0.0
        D:3 |     268 |      10 |   3.6 |      29 |       2 |   6.5
        D:4 |     205 |     325 |  61.3 |      17 |       3 |  15.0
        D:5 |     636 |     171 |  21.2 |      28 |       1 |   3.4
        D:6 |     551 |      23 |   4.0 |      12 |       6 |  33.3
        D:7 |     890 |    1472 |  62.3 |      19 |       7 |  26.9
        D:8 |    2845 |       0 |   0.0 |      42 |       0 |   0.0
        D:9 |     937 |     807 |  46.3 |      19 |       8 |  29.6
       D:10 |    2250 |    2947 |  56.7 |      16 |       7 |  30.4
       D:11 |     307 |       0 |   0.0 |       1 |       0 |   0.0
       D:14 |     125 |       0 |   0.0 |       1 |       0 |   0.0
     Lair:1 |      97 |       0 |   0.0 |       1 |       0 |   0.0
      Sewer |       0 |      79 | 100.0 |       0 |      16 | 100.0
            +---------+---------+-------+---------+---------+-------
